 Dungeon Crawl Stone Soup version 0.31-a0-345-g1ebeae05c6 (webtiles) character file.

Game seed: 11524516963175899620

12 derpindaisy the Gusty (level 2, 0/20 HPs)
             Began as a Demigod Air Elementalist on July 22, 2023.
             Succumbed to Crazy Yiuf's poison
             ... on level 2 of the Dungeon.
             The game lasted 00:06:15 (854 turns).

derpindaisy the Gusty (Demigod Air Elementalist)     Turns: 854, Time: 00:06:15

Health: 0/20       AC:  3    Str:  9    XL:     2   Next: 9%
Magic:  1/7        EV: 12    Int: 17    God:
Gold:   58         SH:  0    Dex: 14    Spells: 2/5 levels left

rFire   . . .        l - +1 hammer (heavy)
rCold   . . .        (no shield)
rNeg    . . .        a - +0 robe
rPois   .            (no helmet)
rElec   .            k - +0 cloak
rCorr   .            (no gloves)
SInv    .            (no boots)
Will    .....        (no amulet)
Stlth   ++           (no ring)
HPRegen 0.23/turn    (no ring)
MPRegen 0.10/turn

%: no passive effects
@: lethally poisoned (0 -> -11)
A: high MP 1, forlorn, divine attributes
a: no special abilities


You were on level 2 of the Dungeon.
You visited 1 branch of the dungeon, and saw 2 of its levels.

You collected 58 gold pieces.

Inventory:

Hand Weapons
 l - a +1 heavy hammer (weapon)
Missiles
 d - 4 javelins
Armour
 a - a +0 robe (worn)
 k - a +0 cloak (worn)
Scrolls
 c - 4 scrolls of identify {unknown}
 e - a scroll of teleportation {unknown}
 g - a scroll of blinking {unknown}
 i - a scroll of revelation {unknown}
 j - a scroll of fog {unknown}
Potions
 b - a potion of magic
 f - a potion of invisibility {unknown}
 h - a potion of curing {unknown}


   Skills:
 + Level 1.8 Dodging
 + Level 1.8 Stealth
 + Level 2.0 Spellcasting
 + Level 1.0 Conjurations
 + Level 3.0 Air Magic


You had 2 spell levels left.
You knew the following spells:

 Your Spells              Type           Power      Damage    Failure   Level
a - Shock                 Conj/Air       32%        1d5       9%          1
b - Static Discharge      Conj/Air       16%        2-3/arc   13%         2

Your spell library contained the following spells:

 Spells                   Type           Power      Damage    Failure   Level
 Scorch                   Fire           2%         2d5       28%         2
 Swiftness                Air            12%        N/A       17%         3
 Airstrike                Air            6%         2d(1-17)  50%         4
 Flame Wave               Conj/Fire      3%         2d5       83%         4
 Summon Cactus Giant      Summ           0%         N/A       100%        6


Dungeon Overview and Level Annotations

Branches:
Dungeon (2/15)

Shops:
D:1 *

Annotations:
D:2 Crazy Yiuf


Innate Abilities, Weirdness & Mutations

You have an increased reservoir of magic. (+10% MP)
You shall have no god before yourself.
Your divine heritage dramatically boosts your attributes as you level up.


Message History

Found a hammer.
You see here a +0 hammer.
Crazy Yiuf shouts!
You see here a +0 hammer.
Found three hammers.
You see here a +0 hammer.
Press: ? - help, v - describe, . - travel, g - get item
Here: Crazy Yiuf, wielding a +3 quarterstaff of chaos and wearing a +2 cloak of willpower (fire blocked by a runed translucent door) Item here: a hammer.
The floor.
You open the door.
Crazy Yiuf yells, "Blight sing mobile!"
Casting: Shock (safe; 9% risk of failure)
Confirm with . or Enter, or press ? or * to list all spells.
Crazy Yiuf is struck by an arc of lightning.
Crazy Yiuf is moderately wounded.
You are struck by an arc of lightning.
Crazy Yiuf is struck by an arc of lightning.
Crazy Yiuf is moderately wounded.
The lightning grounds out.
Crazy Yiuf laughs, "Iron Xom stair!"
Crazy Yiuf hits you with a +3 quarterstaff of chaos.
Casting: Static Discharge (safe; 13% risk of failure)
Confirm with . or Enter, or press ? or * to list all spells.
Crazy Yiuf is struck by an arc of lightning.
Crazy Yiuf is heavily wounded.
You are struck by an arc of lightning.
The lightning grounds out.
Crazy Yiuf hits you with a +3 quarterstaff of chaos!
* * * LOW HITPOINT WARNING * * *
You are lethally poisoned!
Casting: Static Discharge (safe; 13% risk of failure)
Confirm with . or Enter, or press ? or * to list all spells.
Crazy Yiuf is struck by an arc of lightning.
Crazy Yiuf is severely wounded.
You are struck by an arc of lightning.
* * * LOW HITPOINT WARNING * * *
Crazy Yiuf is struck by an arc of lightning.
Crazy Yiuf is almost dead.
The lightning grounds out.
You die...

##### #).)# #)))# )))
#g# ##@# # #)## # ##)#
...# ## #)## ..# #.
##)## ..# ##. #)PP##
#.# ####.. #P)P)#
#.###..... #+..+#
#.#.......
###))).######.......##


You could see Crazy Yiuf.

Vanquished Creatures
  A dart slug (D:1)
  2 goblins
  2 hobgoblins
  A ball python (D:1)
  A frilled lizard (D:1)
  A kobold (D:1)
  4 rats
12 creatures vanquished.

Notes
Turn   | Place    | Note
-------+----------+-------------------------------------------
     0 | D:1      | derpindaisy the Demigod Air Elementalist began the quest
                  | for the Orb.
     0 | D:1      | Reached XP level 1. HP: 14/14 MP: 5/5
   178 | D:1      | Reached skill level 1 in Conjurations
   208 | D:1      | Reached skill level 3 in Air Magic
   330 | D:1      | Found Ciozitz's Assorted Antiques.
   702 | D:2      | Reached XP level 2. HP: 20/20 MP: 5/7
   764 | D:2      | Learned a level 2 spell: Static Discharge
   847 | D:2      | Found a runed translucent door.
   848 | D:2      | Noticed Crazy Yiuf
   854 | D:2      | Succumbed to Crazy Yiuf's poison

Illustrated notes

Levels and vault maps discovered:
D:1:      roderic_octagonal_star, layout_rooms, serial_shops, shop
D:2:      minmay_wonky_spiral, layout_rooms, serial_curves, eino_curves_04,
          eino_curves_04, basic_altar, uniq_crazy_yiuf_cottage

Skill      XL: |  1 |
---------------+----+-----
Conjurations   | 1 |  1.0
Air Magic      | 3 |  3.0
Spellcasting   | 2 |  2.0
Dodging        | |  1.8
Stealth        | |  1.8

Action                     || total
---------------------------++-------
   Cast: Shock             ||    27
         Static Discharge  ||     3
 Armour: Robe              ||     1

Table legend: (Time is in decaauts)
 A = Elapsed time spent in this place.
 B = Non-inter-level travel time spent in this place.
 C = Inter-level travel time spent in this place.
 D = Time resting spent in this place.
 E = Time spent auto-exploring this place.
 F = Levels seen in this place.
 G = Mean time per level.
                   A        B        C        D        E       F      G
               +--------+--------+--------+--------+--------+-----+--------+
         Total |    853 |    823 |     30 |    173 |    542 |   2 |  426.5 |
       Dungeon |    853 |    823 |     30 |    173 |    542 |   2 |  426.5 |
               +--------+--------+--------+--------+--------+-----+--------+

Top non-repeatable levels by time:
     D:1: 681 daAuts
     D:2: 172 daAuts
